 Dungeon Crawl Stone Soup version 0.30.1-4-g462c640d31 (webtiles) character file.

Game seed: 17576549268409562443

57 MrPagan1517 the Covered (level 3, -1/33 HPs)
             Began as a Minotaur Fighter on Aug 21, 2023.
             Slain by a gnoll
             ... wielding a +0 spear
              (7 damage)
             ... on level 2 of the Dungeon.
             The game lasted 00:02:52 (894 turns).

MrPagan1517 the Covered (Minotaur Fighter)           Turns: 894, Time: 00:02:52

Health: -1/33      AC:  8    Str: 22    XL:     3   Next: 73%
Magic:  2/2        EV:  9    Int:  5    God:
Gold:   65         SH:  4    Dex:  9    Spells: 2/2 levels left

rFire   . . .        a - +1 long sword
rCold   . . .        c - +0 buckler
rNeg    . . .        b - +1 scale mail
rPois   .            (helmet restricted)
rElec   .            (no cloak)
rCorr   .            (no gloves)
SInv    .            (no boots)
Will    .....        (no amulet) Stlth
                     (no ring)
HPRegen 0.25/turn    (no ring)
MPRegen 0.08/turn

%: no passive effects
@: mighty
A: horns 2, retaliatory headbutt
a: no special abilities


You were on level 2 of the Dungeon.
You visited 1 branch of the dungeon, and saw 2 of its levels.

You collected 65 gold pieces.

Inventory:

Hand Weapons
 a - a +1 long sword (weapon)
Armour
 b - a +1 scale mail (worn)
 c - a +0 buckler (worn)
Jewellery
 p - a ring of wizardry
Potions
 j - a potion of ambrosia
 m - a potion of heal wounds


   Skills:
 + Level 4.1 Fighting
 + Level 3.3 Long Blades
 + Level 4.2 Armour
 + Level 0.6 Dodging
 + Level 4.1 Shields


You had 2 spell levels left.
You didn't know any spells.
Your spell library contained the following spells:

 Spells                   Type           Power      Damage    Failure   Level
 Apportation              Tloc           0%         N/A       86%         1
 Alistair's Intoxication  Tmut/Pois      0%         N/A       100%        5


Dungeon Overview and Level Annotations

Branches:
Dungeon (2/15)

Altars:


Innate Abilities, Weirdness & Mutations

You have a pair of horns on your head.
You reflexively headbutt those who attack you in melee.


Message History

You feel much better.
The gnoll hits you from afar with a +0 spear.
The gnoll hits you but does no damage.
You feel very mighty all of a sudden. The gnoll barely misses you.
The gnoll hits you with a +0 halberd.
The gnoll hits you from afar with a +0 spear.
You block the gnoll's attack. The gnoll hits you with a +0 spear.
The gnoll hits you but does no damage. The gnoll barely misses you.
You furiously retaliate!
You headbutt the gnoll!
You kill the gnoll!
The gnoll hits you with a +0 spear. The gnoll hits you but does no damage.
You hit the gnoll.
The gnoll is heavily wounded.
The gnoll hits you but does no damage. x3
You completely miss the gnoll.
The gnoll is heavily wounded.
The gnoll hits you with a +0 spear.
The gnoll hits you from afar with a +0 spear.
The gnoll barely misses you. You furiously retaliate!
You headbutt the gnoll! You closely miss the gnoll.
Your headbutt misses the gnoll.
The gnoll is moderately wounded.
The gnoll hits you with a +0 spear. The gnoll barely misses you.
You block the gnoll's attack. The gnoll barely misses you.
You furiously retaliate!
You headbutt the gnoll. The gnoll hits you with a +0 spear.
The gnoll closely misses you.
You slash the gnoll!
The gnoll is almost dead.
You block the gnoll's attack. The gnoll closely misses you.
The gnoll hits you with a +0 spear.
You barely miss the gnoll.
The gnoll is almost dead.
The gnoll hits you but does no damage.
The gnoll hits you from afar with a +0 spear!
* * * LOW HITPOINT WARNING * * *
The gnoll hits you with a +0 spear.
* * * LOW HITPOINT WARNING * * *
You slash the gnoll!
You kill the gnoll!
The gnoll hits you with a +0 spear!
You die...

.......#.....####.......
...........#..#....?....
........................
.............#.......^..
..#.###).....#..........
†##..##.................
..............?.........
...........###.).gS.....
####....#..# ###@#.....#
# #..........# #)#...#.#
###..........# #g. ###
.##...#....$....>..
..#.###...##.#......
.... ...# ....... ....
... ........ ....
.......... ..##


You could see 2 gnolls and a ball python.

Vanquished Creatures
  2 gnolls (D:2)
  5 dart slugs
  3 ball pythons
  2 bats
  2 endoplasms
  3 giant cockroaches (D:1)
  2 goblins
  3 hobgoblins (D:1)
  5 jackals (D:1)
  2 frilled lizards (D:1)
  2 kobolds
  6 rats
37 creatures vanquished.

Notes
Turn   | Place    | Note
-------+----------+-------------------------------------------
     0 | D:1      | MrPagan1517 the Minotaur Fighter began the quest for the
                  | Orb.
     0 | D:1      | Reached XP level 1. HP: 19/19 MP: 0/0
   154 | D:1      | Reached XP level 2. HP: 25/27 MP: 1/1
   545 | D:1      | Reached XP level 3. HP: 31/33 MP: 2/2
   836 | D:2      | Found a faded altar of an unknown god.
   894 | D:2      | Slain by a gnoll

Illustrated notes

Levels and vault maps discovered:
D:1:      ebering_trefoil_twist, layout_basic, minmay_misc_feat_iff,
          nrook_mini_backslash
D:2:      layout_rooms, basic_ecumenical_altar, grunt_ministairs_5

Skill      XL: |  1  2  3 |
---------------+----------+-----
Fighting       | 4 |  4.1
Armour         | 4 |  4.2
Shields        | 4 |  4.1
Long Blades    | 3 |  3.3
Dodging        | |  0.6

Action                     || total
---------------------------++-------
  Melee: Long sword        ||    86
         Headbutt          ||    10
    Use: Scroll            ||    10
         Potion            ||     3
 Armour: Scale mail        ||    49
  Dodge: Dodged            ||    60
  Block: Buckler           ||    15
